 Dungeon Crawl Stone Soup version 0.17.1-3-g152610e (webtiles) character file.

5032 Peloso the Protected (level 10, -1/91 HPs)
             Began as a Minotaur Fighter on Apr 18, 2016.
             Was a Priest of Okawaru.
             Killed from afar by an electric eel (11 damage)
             ... with a bolt of electricity
             ... on level 9 of the Dungeon.
             The game lasted 00:20:31 (7780 turns).

Peloso the Protected (Minotaur Fighter)             Turns: 7780, Time: 00:20:31

Health: -1/91      AC: 17    Str: 21    XL:     10   Next: 30%
Magic:  9/9        EV:  8    Int:  5    God:    Okawaru [***...]
Gold:   245        SH:  0    Dex: 13    Spells: 0 memorised, 9 levels left

rFire  x . .     SeeInvis .     D - +1 great sword (slice)
rCold  + . .     Clarity  .     i - +0 plate armour
rNeg   + . .     SustAt   .     (shield currently unavailable)
rPois  .         Gourm    .     (helmet restricted)
rElec  .         Spirit   .     (no cloak)
rCorr  .         Warding  +     A - +0 pair of gloves
rMut   .         Stasis   .     o - +0 pair of boots
MR     .....                    r - amulet of warding
Stlth  ..........               p - ring of wizardry
                                C - ring of ice

@: not resistant to hostile enchantments, extremely unstealthy
A: retaliatory headbutt, horns 2
a: Heroism, Renounce Religion


You were on level 9 of the Dungeon.
You worshipped Okawaru.
Okawaru was most pleased with you.
You were very hungry.

You visited 2 branches of the dungeon, and saw 10 of its levels.

You collected 495 gold pieces.
You spent 250 gold pieces at shops.

Inventory:

Hand Weapons
 a - a +0 long sword
 D - a +1 great sword of slicing (weapon)
 E - a +2 hand axe of electrocution
 O - the +2 hand axe "Demon's Bane" {venom, *Noise Dex+2 SInv}
   (You found it on level 8 of the Dungeon)

   It poisons the flesh of those it strikes.
   It affects your dexterity (+2).
   It lets you see invisible.
   It may make noises in combat.
Armour
 b - a +0 scale mail
 c - a +0 shield
 i - a +0 plate armour (worn)
 o - a +0 pair of boots (worn)
 A - a +0 pair of gloves (worn)
Jewellery
 k - an uncursed ring of stealth
 p - a ring of wizardry (right hand)
 r - an amulet of warding (around neck)
 C - a ring of ice (left hand)
Wands
 q - a wand of flame (29)
 F - a wand of lightning (7)
 L - a wand of digging (20)
 M - a wand of magic darts (24)
 W - a wand of paralysis (6)
Scrolls
 f - 2 scrolls of identify
 h - 3 scrolls of fear
 j - a scroll of enchant weapon
 n - 4 scrolls of remove curse
 w - 2 scrolls of amnesia
 y - 6 scrolls of teleportation
 z - a scroll of immolation
 G - 3 scrolls of magic mapping
 K - 3 scrolls of enchant armour {unknown}
 P - 3 scrolls of silence {unknown}
 R - a scroll of torment {unknown}
Potions
 d - 2 potions of might
 t - 5 potions of curing
 u - 3 potions of heal wounds {unknown}
 v - a potion of flight {unknown}
 x - a potion of agility {unknown}
 B - a potion of cancellation {unknown}
 J - a potion of haste {unknown}
 N - 2 potions of brilliance {unknown}
Books
 g - a book of Air

   Spells                             Type                      Level
   a - Shock                          Conjuration/Air              1
   b - Swiftness                      Charms/Air                   2
   c - Repel Missiles                 Charms/Air                   2
   d - Static Discharge               Conjuration/Air              3
   e - Lightning Bolt                 Conjuration/Air              5
 s - Jessica's Collected Works on the Traveller
   (You found it on level 2 of the Dungeon)

   Spells                             Type                      Level
   a - Blink                          Translocation                2
 H - a book of Fire

   Spells                             Type                      Level
   a - Ignite Poison                  Fire/Transmutation/Poison    3
   b - Fireball                       Conjuration/Fire             5
   c - Bolt of Fire                   Conjuration/Fire             6
   d - Delayed Fireball               Conjuration/Fire             7
   e - Ring of Flames                 Charms/Fire                  7
 I - a book of Hinderance

   Spells                             Type                      Level
   a - Confusing Touch                Hexes                        2
   b - Confuse                        Hexes                        3
   c - Gell's Gravitas                Hexes/Translocation          3
   d - Petrify                        Transmutation/Earth          4
   e - Metabolic Englaciation         Hexes/Ice                    5
 Q - a book of Burglary

   Spells                             Type                      Level
   a - Swiftness                      Charms/Air                   2
   b - Passwall                       Transmutation/Earth          3
   c - Passage of Golubria            Translocation                4
   d - Lee's Rapid Deconstruction     Earth                        5
   e - Darkness                       Hexes                        6
   f - Invisibility                   Hexes                        6
 V - a book of Death

   Spells                             Type                      Level
   a - Corpse Rot                     Necromancy                   2
   b - Sublimation of Blood           Necromancy                   2
   c - Agony                          Necromancy                   5
   d - Dispel Undead                  Necromancy                   5
   e - Excruciating Wounds            Charms/Necromancy            5
   f - Bolt of Draining               Conjuration/Necromancy       5
Comestibles
 e - 5 bread rations
 l - 10 fruits
 m - 6 meat rations
 S - 6 slices of pizza
 T - 2 beef jerkies


   Skills:
 + Level 9.3 Fighting
 + Level 10.2 Long Blades
 + Level 10.3 Armour
 + Level 3.1 Dodging
 + Level 0.8 Stealth
 + Level 8.1 Shields


You had 9 spell levels left.
You didn't know any spells.

Dungeon Overview and Level Annotations

Branches:
Dungeon (9/15)             Temple (1/1) D:5            Lair (0/8) D:9
    Orc: D:9-12

Altars:
Ashenzari
Cheibriados
Dithmenos
Elyvilon
Fedhas
Gozag
Kikubaaqudgha
Makhleb
Nemelex Xobeh
Okawaru
Qazlal
Ru
Sif Muna
Trog
Vehumet
Xom
Yredelemnul
Zin
The Shining One

Shops:
D:6 [   D:8 %   D:9 *


Innate Abilities, Weirdness & Mutations

You reflexively headbutt those who attack you in melee.
You have a pair of horns on your head.


Message History

The electric eel shoots out a bolt of lightning at you!
The bolt of electricity hits the electric eel.
The electric eel completely resists.
The bolt of electricity hits you!
The electric eel shoots out a bolt of lightning at you!
The bolt of electricity hits you!
* * * LOW HITPOINT WARNING * * *
You closely miss the electric eel.
The electric eel is heavily wounded.
The electric eel shoots out a bolt of lightning at you!
The bolt of electricity hits you!
* * * LOW HITPOINT WARNING * * *
The electric eel shoots out a bolt of lightning at you!
The bolt of electricity hits the electric eel.
The electric eel completely resists.
The bolt of electricity hits you!
* * * LOW HITPOINT WARNING * * *
The bolt of electricity hits you!
* * * LOW HITPOINT WARNING * * *
The electric eel shoots out a bolt of lightning at you!
The bolt of electricity hits you!
You die...

### #..##≈≈.≈≈ ..# #..#≈≈≈.≈≈ #.#
..≈;≈≈.≈≈ #.# .......≈≈ #.#
##########.≈≈≈≈≈≈≈ . #<#
#.......##.≈≈≈≈≈≈≈ ##.#..##
#.#####.#####.##.;;≈≈≈≈≈ #.......
#.#..†..# #.##.#≈≈≈≈≈≈ #......#
#.#.##### #.##@# ≈≈≈≈≈ #......#
#...#########.##.# ≈≈≈≈.#......#
####.......##.##.# ≈≈#.#......#
#.......##.##.#######[#.....<#
#.......##.##....(..#........#
#.......##.########.#....###.#
####.......##.##### #.##...#####
..##.......##.....####.#.........
#.##......(..........#.#....#####


You could see 2 electric eels.

Vanquished Creatures
  A troll (D:7)
  Prince Ribbit (D:6)
  2 yaks (D:8)
  Sigmund (D:2)
  A deep elf mage (D:9)
  2 hippogriffs
  A human (D:8)
  A hungry ghost (D:7)
  A wyvern (D:8)
  Duvessa (D:4)
  2 ice beasts (D:5)
  2 black bears
  A wasp (D:9)
  3 sky beasts (D:6)
  3 orc warriors (D:6)
  A centaur (D:8)
  4 ogres
  Blork the orc (D:4)
  A giant frog (D:6)
  Dowan (D:4)
  2 scorpions
  5 killer bees (D:8)
  An electric eel (D:9)
  A centaur zombie (D:8)
  5 crimson imps
  3 hounds
  6 orc wizards
  A giant frog zombie (D:7)
  A quasit (D:9)
  3 orc priests (D:6)
  3 giant frog skeletons
  3 jellies
  Jessica (D:2)
  3 iguanas
  5 worker ants
  2 sheep (D:8)
  2 hound zombies
  11 adders
  2 shadow imps
  3 adder zombies (D:7)
  A worm (D:6)
  5 adder skeletons
  7 giant geckos
  25 orcs
  4 ball pythons
  5 bats
  3 giant cockroaches
  5 goblins
  5 hobgoblins
  6 kobolds
  4 quokkas
  A giant cockroach zombie (D:5)
  A giant gecko skeleton (D:5)
  A giant gecko zombie (D:6)
  5 giant newts
  A goblin skeleton (D:9)
  A goblin zombie (D:9)
  3 hobgoblin zombies (D:9)
  A kobold skeleton (D:9)
  A kobold zombie (D:9)
  6 rats
185 creatures vanquished.

Notes
Turn   | Place    | Note
--------------------------------------------------------------
     0 | D:1      | Peloso the Minotaur Fighter began the quest for the Orb.
     0 | D:1      | Reached XP level 1. HP: 19/19 MP: 0/0
   301 | D:1      | Reached XP level 2. HP: 27/27 MP: 1/1
   709 | D:2      | You fall through a shaft!
   709 | D:3      | Found a blossoming altar of Fedhas.
   720 | D:3      | Reached skill level 4 in Armour
  1256 | D:3      | Reached XP level 3. HP: 33/33 MP: 2/2
  1381 | D:3      | Reached XP level 4. HP: 27/40 MP: 3/3
  1424 | D:3      | Found a burning altar of Makhleb.
  1523 | D:3      | Found a snail-covered altar of Cheibriados.
  1691 | D:2      | Found a radiant altar of Vehumet.
  1781 | D:2      | Noticed Sigmund
  1796 | D:2      | Killed Sigmund
  1796 | D:2      | Reached skill level 5 in Armour
  1796 | D:2      | Reached skill level 1 in Dodging
  1796 | D:2      | Reached skill level 5 in Shields
  1796 | D:2      | Reached XP level 5. HP: 27/46 MP: 4/4
  1939 | D:2      | Noticed Jessica
  1959 | D:2      | Killed Jessica
  1959 | D:2      | Reached XP level 6. HP: 33/52 MP: 5/5
  1969 | D:2      | Identified Jessica's Collected Works on the Traveller
  2198 | D:2      | Found a faded altar to an unknown god.
  2339 | D:4      | Noticed Duvessa
  2340 | D:4      | Noticed Dowan
  2406 | D:4      | Killed Duvessa
  2413 | D:4      | Killed Dowan
  2413 | D:4      | Reached skill level 6 in Shields
  2418 | D:4      | Reached XP level 7. HP: 32/60 MP: 6/6
  2451 | D:4      | Noticed Blork the orc
  2459 | D:4      | Killed Blork the orc
  2459 | D:4      | Reached skill level 5 in Long Blades
  2905 | D:4      | Reached skill level 5 in Fighting
  3241 | D:5      | Entered Level 5 of the Dungeon
  3258 | D:5      | Reached skill level 7 in Armour
  3265 | D:5      | Reached XP level 8. HP: 46/69 MP: 7/7
  3530 | D:5      | Found a bloodstained altar of Trog.
  3633 | D:5      | Found a staircase to the Ecumenical Temple.
  3639 | Temple   | Entered the Ecumenical Temple
  3660 | Temple   | Became a worshipper of Warmaster Okawaru
  3942 | D:6      | Reached skill level 8 in Armour
  4179 | D:6      | Reached * piety under Okawaru
  4366 | D:6      | Reached XP level 9. HP: 63/78 MP: 8/8
  4535 | D:6      | Noticed Prince Ribbit
  4623 | D:6      | Killed Prince Ribbit
  4676 | D:6      | Found Roczesea's Armour Boutique.
  4708 | D:6      | Bought the +0 ring mail of Melancholy {-Cast rElec rF+ rC+} for 250 gold pieces
  4841 | D:7      | Reached ** piety under Okawaru
  5193 | D:7      | Reached skill level 9 in Armour
  5658 | D:8      | Found Leczad's Food Boutique.
  5687 | D:8      | Got an ancient hand axe
  5688 | D:8      | Identified the cursed +2 hand axe "Demon's Bane" {venom, *Noise Dex+2 SInv} (You found it on level 8 of the Dungeon)
  5876 | D:8      | Reached *** piety under Okawaru
  5876 | D:8      | Reached XP level 10. HP: 36/90 MP: 9/9
  5892 | D:8      | Reached skill level 10 in Armour
  6596 | D:9      | Found a glowing golden altar of the Shining One.
  6650 | D:9      | Found Plog's Assorted Antiques.
  6664 | D:9      | Found a staircase to the Lair.
  6669 | D:9      | Reached skill level 10 in Long Blades
  7780 | D:9      | Killed from afar by an electric eel

Action                   |  1- 3 |  4- 6 |  7- 9 | 10-12 || total
-------------------------+-------+-------+-------+-------++-------
Melee: Long sword        |    98 |    90 |   148 |       ||   336
       Great sword       |       |       |   200 |    97 ||   297
Evoke: Wand              |       |       |       |     1 ||     1
  Use: Scroll            |       |       |    12 |       ||    12
  Eat: Chunk             |     1 |     3 |    22 |     3 ||    29
       Pizza             |       |       |       |     1 ||     1
